 Dungeon Crawl Stone Soup version 0.28.0-43-g3370ac3207 (webtiles) character file.

Game seed: 3600070202838552829

79 CryoSword the Firebug (level 3, 0/27 HPs)
             Began as a Demigod Fire Elementalist on Mar 16, 2022.
             Succumbed to Sigmund's poison
             ... on level 3 of the Dungeon.
             The game lasted 00:02:38 (3139 turns).

CryoSword the Firebug (Demigod Fire Elementalist)   Turns: 3139, Time: 00:02:38

Health: 0/27       AC:  2    Str:  7 (9)  XL:     3   Next: 95%
Magic:  3/9        EV: 12    Int: 19 (21) God:
Gold:   120        SH:  0    Dex: 11 (14) Spells: 3/6 levels left

rFire   . . .      SeeInvis .   f - +2 mace (holy)
rCold   . . .      Faith    .   (no shield)
rNeg    . . .      Spirit   .   a - +0 robe
rPois   .          Reflect  .   (no helmet)
rElec   .          Harm     .   (no cloak)
rCorr   .          Rampage  .   (no gloves)
Will    .....                   (no boots)
Stlth   ++........              (no amulet)
HPRegen 0.09/turn               (no ring)
MPRegen 0.11/turn               (no ring)

@: mighty, lethally poisoned (0 -> -3), attractive
A: high MP 1, forlorn, divine attributes
a: no special abilities


You were on level 3 of the Dungeon.
You visited 1 branch of the dungeon, and saw 3 of its levels.

You collected 120 gold pieces.

Inventory:

Hand Weapons
 f - a +2 mace of holy wrath (weapon)
   (You found it on level 2 of the Dungeon)
Missiles
 g - 4 boomerangs
Armour
 a - a +0 robe (worn)
Jewellery
 j - a ring of ice
   (You found it on level 3 of the Dungeon)
Scrolls
 b - 4 scrolls of identify {unknown}
 i - a scroll of summoning {unknown}
Potions
 e - a potion of degeneration {!q}
 h - a potion of heal wounds {unknown}


   Skills:
 + Level 0.5 Fighting
 + Level 2.3 Dodging
 + Level 2.3 Stealth
 + Level 2.2 Spellcasting
 + Level 1.6 Conjurations
 * Level 3.2 Fire Magic


You had 3 spell levels left.
You knew the following spells:

 Your Spells              Type           Power      Damage    Failure   Level
a - Foxfire               Conj/Fire      44%        2x1d6     6%          1
b - Scorch                Fire           28%        2d6       7%          2

Your spell library contained the following spells:

 Spells                   Type           Power      Damage    Failure   Level
 Conjure Flame            Conj/Fire      11%        6-21      19%         3
 Inner Flame              Hex/Fire       8%         N/A       26%         3
 Flame Wave               Conj/Fire      11%        2d5       52%         4


Dungeon Overview and Level Annotations

Branches:
Dungeon (3/15)

Annotations:
D:3 Pargi, Sigmund


Innate Abilities, Weirdness & Mutations

You have an increased reservoir of magic. (+10% MP)
You shall have no god before yourself.
Your divine heritage dramatically boosts your attributes as you level up.


Message History

You conjure some foxfire!
The foxfire hits the giant cockroach.
You kill the giant cockroach!
You conjure some foxfire!
You climb upwards.
There is a stone staircase leading down here.
You see here a +0 short sword.
There is a stone staircase leading down here.
You climb downwards.
There is a stone staircase leading up here.
A bat is nearby!
A bat is nearby!
You conjure some foxfire!
The bat barely misses you.
You conjure some foxfire!
The foxfire hits the bat.
The bat barely misses you.
The foxfire hits the bat. x2
You kill the bat!
No target in view!
Found a dagger.
You see here a +0 dagger.
There is a stone staircase leading up here.
A worm and a giant cockroach come into view.
There are monsters nearby!
You conjure some foxfire!
You conjure some foxfire!
The foxfire hits the worm but does no damage.
You conjure some foxfire!
The foxfire hits the giant cockroach.
You kill the giant cockroach!
You conjure some foxfire!
The foxfire hits the worm.
There is not enough space to conjure foxfire!
Unknown command.
The foxfire hits the worm.
Flames lash the worm.
The worm's fire resistance burns away.
Flames lash the worm.
The worm is burned terribly!
You kill the worm!
There is a stone staircase leading up here.
You climb upwards.
There is a stone staircase leading down here.
You start resting.
You climb downwards.
There is a stone staircase leading up here.
Found a stone staircase leading down.
b - 2 scrolls labelled FULAUQ BYAK (gained 1)
You now have 120 gold pieces (gained 6).
i - a scroll labelled QUROPPYKEV
j - a ring of ice A rat comes into view.
A rat is nearby!
You miscast Foxfire.
You are very lightly contaminated with residual magic.
Nothing appears to happen.
You conjure some foxfire!
You conjure some foxfire!
The foxfire hits the rat.
You conjure some foxfire!
The foxfire hits the rat. x2
You kill the rat!
Okay, then.
Your magical contamination has completely faded away.
You see here a rat corpse.
A bat comes into view.
A bat is nearby!
A bat is nearby!
The bat barely misses you.
You closely miss the bat. The bat hits you. The bat barely misses you.
The bat closely misses you. The bat hits you.
You barely miss the bat. You punch the bat, but do no damage.
The bat closely misses you. The bat barely misses you.
You barely miss the bat. The bat hits you.
You conjure some foxfire!
The bat hits you.
You conjure some foxfire!
The foxfire hits the bat.
You kill the bat!
No target in view!
No target in view!
Found a stone staircase leading down.
Could not explore, unopened door.
Could not explore, unopened door.
You open the door.
There is an open door here.
Found a stone staircase leading up.
An adder comes into view.
An adder is nearby!
You conjure some foxfire!
You conjure some foxfire!
The adder hisses angrily.
The foxfire hits the adder but does no damage.
You conjure some foxfire!
The foxfire hits the adder. x3
You kill the adder!
Found a robe.
b - 3 scrolls labelled FULAUQ BYAK (gained 1) Could not explore, unopened door.
Could not explore, unopened door.
You open the door.
A kobold comes into view. It is wielding a +0 dagger.
A kobold is nearby!
Found a scroll labelled FULAUQ BYAK.
You conjure some foxfire!
You conjure some foxfire!
You conjure some foxfire!
The foxfire hits the kobold.
You kill the kobold!
e - 2 green potions (gained 1)
A ball python comes into view.
A ball python is nearby!
A ball python is nearby!
A ball python is nearby!
You conjure some foxfire!
You conjure some foxfire!
The foxfire hits the ball python.
The ball python hisses angrily.
The foxfire hits the ball python.
You kill the ball python!
Things that are here:
a +0 dagger; a kobold corpse
b - 4 scrolls labelled FULAUQ BYAK (gained 1) Sigmund the Dreaded comes into view.
He is wielding a +2 scythe of venom.
Unknown command.
Found a scroll of immolation.
Found a faded altar of an unknown god.
An adder comes into view.
Sigmund shouts!
The adder hisses angrily.
You hear a shout!
Flames lash the adder.
The adder's fire resistance burns away.
Flames lash the adder.
The adder is burned terribly!
You kill the adder!
A giant cockroach comes into view.
You conjure some foxfire!
Sigmund casts a spell at you. The puff of flame hits you!
Flames lash Sigmund.
Sigmund's fire resistance burns away.
The foxfire hits Sigmund. x2; Sigmund is burned terribly!
Sigmund hits you from afar with a +2 scythe of venom!
* * * LOW HITPOINT WARNING * * *
You are lethally poisoned!
* * * LOW HITPOINT WARNING * * *
You feel very sick.
Pargi the Meek comes into view.
* * * LOW HITPOINT WARNING * * *
You feel very sick.
* * * LOW HITPOINT WARNING * * *
You feel sick.
It was a potion of degeneration.
There was something very wrong with that liquid.
You feel weakened.
You feel dopey.
You feel clumsy.
* * * LOW HITPOINT WARNING * * *
You feel sick.
It was a potion of might.
You feel very mighty all of a sudden.
* * * LOW HITPOINT WARNING * * *
You feel sick.
Sigmund is no longer more vulnerable to fire.
Sigmund misses you.
It was a potion of attraction.
You feel attractive to monsters.
You die...

.....# ........
#.#........# $....
..........##'##..#.##.#
)....#
...#..#..#.........#.#
.#..#......#.#.........#
#
...#..._^.##............+
..#..#.....#............#
.....##..#....#......[..#
.T....#....#.#.........#
#B..@.##@#..#.........#
#.#.##†.#...............#
#.......@...............
######.##..........####
#.............#
####..........#
#.....)....# #..........#
#..........#


You could see Sigmund.

Vanquished Creatures
  3 adders
  A worm (D:3)
  2 dart slugs
  An orc (D:3)
  4 ball pythons
  3 endoplasms
  5 giant cockroaches
  4 goblins
  3 jackals (D:1)
  4 kobolds
  A quokka (D:2)
  7 bats
  2 frilled lizards
  2 rats
42 creatures vanquished.

Vanquished Creatures (others)
  142 foxfires
142 creatures vanquished.

Grand Total: 184 creatures vanquished

Notes
Turn   | Place    | Note
-------+----------+-------------------------------------------
     0 | D:1      | CryoSword the Demigod Fire Elementalist began the quest for
                  | the Orb.
     0 | D:1      | Reached XP level 1. HP: 14/14 MP: 5/5
   374 | D:1      | Reached skill level 1 in Conjurations
   939 | D:1      | Reached XP level 2. HP: 20/20 MP: 4/7
  1950 | D:2      | Learned a level 2 spell: Scorch
  1958 | D:2      | Reached skill level 3 in Fire Magic
  1958 | D:2      | Reached XP level 3. HP: 26/26 MP: 8/8
  3127 | D:3      | Noticed Sigmund
  3134 | D:3      | Noticed Pargi
  3138 | D:3      | HP: 1/27 [poisoned by Sigmund]
  3139 | D:3      | Succumbed to Sigmund's poison

Illustrated notes

Levels and vault maps discovered:
D:1:      lemuel_arrival_funnel, layout_loops_corners, hangedman_decor_riveting
D:2:      layout_basic, basic_altar, nicolae_underground_beach
D:3:      layout_basic, lightli_temple_of_fire,
          hellmonk_ecumenical_altar_blasted, uniq_sigmund, uniq_pargi

Skill      XL: |  1  2 |
---------------+-------+-----
Conjurations   | 1 |  1.6
Stealth        | 2 |  2.3
Dodging        | 2 |  2.3
Spellcasting   | 2 |  2.2
Fire Magic     | 3 |  3.2
Fighting       | |  0.5

Action                   || total
-------------------------++-------
Melee: Unarmed           ||    10
       Short sword       ||    11
       Mace              ||    16
       Punch             ||     1
 Cast: Foxfire           ||    90
       Scorch            ||     5
  Use: Potion            ||     3
 Stab: Sleeping          ||     1
Armor: Robe              ||    14
Dodge: Dodged            ||    51
